 Dungeon Crawl Stone Soup version 0.30-a0-840-ga523dec638 (webtiles) character file.

Game seed: 1886249460262076534

805 Rocko1345 the Slasher (level 7, -7/60 HPs)
             Began as a Gnoll Cinder Acolyte on Mar 1, 2023.
             Was a Believer of Ignis.
             Killed by divine providence
             ... invoked by an orc priest
              (8 damage)
             ... while paralysed by Grinder
             ... on level 5 of the Dungeon.
             The game lasted 00:18:15 (4592 turns).

Rocko1345 the Slasher (Gnoll Cinder Acolyte)        Turns: 4592, Time: 00:18:16

Health: -7/60      AC: 14    Str: 15    XL:     7   Next: 91%
Magic:  9/13       EV:  2    Int: 15    God:    Ignis [**....]
Gold:   16         SH:  0    Dex: 14    Spells: 4/14 levels left

rFire   + + .      SeeInvis .    J - +4 glaive of Excruciating Pain {heavy, rF+ rCorr Str+2}
rCold   . . .      Faith    .    (shield currently unavailable)
rNeg    + . .      Spirit   .    E - +2 leather armour {rN+}
rPois   .          Reflect  +    (no helmet)
rElec   .          Harm     .    l - +0 cloak
rCorr   +          Rampage  .    x - +0 pair of gloves
Will    .....                    (no boots)
Stlth   ++                       e - amulet of reflection
HPRegen 0.30/turn                H - ring of flight
MPRegen 0.13/turn                I - +6 ring of dexterity

@: paralysed, fiery-armoured, flying
A: fangs 1, strong nose, distributed training
a: Renounce Religion, Fiery Armour, Foxfire Swarm, Rising Flame


You were on level 5 of the Dungeon.
You worshipped Ignis.
Ignis was pleased with you.
You visited 1 branch of the dungeon, and saw 5 of its levels.

You collected 257 gold pieces.
You spent 241 gold pieces at shops.

Inventory:

Hand Weapons
 a - a -1 falchion of flaming
 n - a +0 trident
 r - a +0 scythe
 t - a +0 mace
 w - a +0 scimitar
 G - a +0 battleaxe
 J - the +4 glaive of Excruciating Pain (weapon) {heavy, rF+ rCorr Str+2}
   (You bought it in a shop on level 1 of the Dungeon)

   Str:       It affects your strength (+2).
   rF:        It protects you from fire.
   rCorr:     It protects you from acid and corrosion.
Missiles
 d - 7 poisoned darts
 h - 4 javelins (quivered)
 A - 2 atropa-tipped darts
Armour
 b - a +0 robe
 l - a +0 cloak (worn)
 q - a +0 tower shield
 x - a +0 pair of gloves (worn)
 y - a +0 leather armour of fire resistance
 E - a +2 leather armour of positive energy (worn)
Magical Staves
 p - a staff of death
Jewellery
 e - an amulet of reflection (around neck)
 H - a ring of flight (left hand)
 I - a +6 ring of dexterity (right hand)
Scrolls
 c - 2 scrolls of blinking
 i - a scroll of torment
 m - 3 scrolls of vulnerability
 u - 3 scrolls of fog
 v - a scroll of fear {unknown}
 C - 2 scrolls of teleportation {unknown}
 F - a scroll of butterflies {unknown}
 K - a scroll of poison {unknown}
Potions
 f - a potion of might
 g - 6 potions of curing
 j - a potion of magic {unknown}
 k - 3 potions of mutation {unknown}
 o - a potion of berserk rage {unknown}
 s - a potion of attraction {unknown}
 z - 2 potions of flight {unknown}
 B - a potion of resistance {unknown}
 D - a potion of brilliance {unknown}


   Skills:
 + Level 7.2 Fighting
 + Level 2.9 Short Blades
 + Level 7.2 Long Blades
 + Level 2.9 Axes
 + Level 2.9 Maces & Flails
 + Level 2.9 Polearms
 + Level 2.9 Staves
 + Level 2.9 Ranged Weapons
 + Level 2.9 Throwing
 + Level 2.9 Armour
 + Level 2.9 Dodging
 + Level 2.9 Stealth
 + Level 2.9 Shields
 + Level 2.9 Unarmed Combat
 + Level 4.1 Spellcasting
 + Level 2.3 Conjurations
 + Level 2.3 Hexes
 + Level 2.3 Summonings
 + Level 2.3 Necromancy
 + Level 2.3 Translocations
 + Level 2.3 Transmutations
 + Level 6.0 Fire Magic
 + Level 2.3 Ice Magic
 + Level 2.3 Air Magic
 + Level 2.3 Earth Magic
 + Level 2.3 Poison Magic
 + Level 3.2 Invocations
 + Level 2.9 Evocations


You had 4 spell levels left.
You knew the following spells:

 Your Spells              Type           Power      Damage    Failure   Level
a - Scorch                Fire           42%        2d7       2%          2
b - Poisonous Vapours     Pois/Air       20%        N/A       13%         2
c - Tukima's Dance        Hex            10%        N/A       26%         3
d - Call Canine Familiar  Summ           10%        N/A       26%         3

Your spell library contained the following spells:

 Spells                   Type           Power      Damage    Failure   Level
 Apportation              Tloc           20%        N/A       9%          1
 Sandblast                Erth           20%        2d7       9%          1
 Sting                    Tmut/Pois      40%        1d5       9%          1
 Summon Small Mammal      Summ           40%        N/A       9%          1
 Passwall                 Tmut/Erth      8%         N/A       13%         2
 Gell's Gravitas          Tloc           10%        N/A       26%         3
 Portal Projectile        Hex/Tloc       20%        N/A       26%         3
 Stone Arrow              Conj/Erth      20%        3d8       26%         3
 Summon Guardian Golem    Hex/Summ       10%        N/A       26%         3
 Olgreb's Toxic Radiance  Pois           10%        N/A       63%         4
 Petrify                  Tmut/Erth      10%        N/A       63%         4
 Alistair's Intoxication  Tmut/Pois      6%         N/A       93%         5
 Blade Hands              Tmut           5%         N/A       93%         5
 Dispersal                Tloc           5%         N/A       100%        6


Dungeon Overview and Level Annotations

Branches:
Dungeon (5/15)
 Temple: D:4-7

Altars:
Elyvilon

Shops:
D:1 (

Annotations:
D:5 Dowan, Duvessa, Grinder


Innate Abilities, Weirdness & Mutations

You have very sharp teeth.
Your uncanny sense of smell can sniff out nearby items.
Your experience applies equally to all skills.


Message History

Flames lash Duvessa.
Duvessa is lightly wounded.
Duvessa's fire resistance burns away.
The scorpion barely misses you.
An ogre comes into view. It is wielding a +0 giant spiked club.
The iguana barely misses you.
An adder comes into view.
The scorpion closely misses you.
Casting: Scorch (safe; 2% risk of failure)
Confirm with . or Enter, or press ? or * to list all spells.
Flames lash the adder.
You kill the adder!
The sentinel's mark upon you fades away.
The jelly hits you but does no damage.
The jelly is burned by your cloak of flames.
The jelly is moderately wounded.
You block the iguana's attack.
The scorpion stings you but does no damage.
The scorpion attacks as you move away!
The scorpion stings you but does no damage.
The scorpion is burned by your cloak of flames.
The scorpion is severely wounded.
The jelly attacks as you move away! The jelly hits you but does no damage.
The jelly is burned by your cloak of flames.
The jelly is heavily wounded.
Found 12 gold pieces.
Grinder gestures at you.
You suddenly lose the ability to move!
The iguana bites you!
* * * LOW HITPOINT WARNING * * *
The iguana is burned by your cloak of flames.
You kill the iguana!
Duvessa is no longer more vulnerable to fire.
The scorpion stings you but does no damage.
The scorpion is burned by your cloak of flames.
The scorpion is almost dead.
The adder bites you but does no damage.
The adder is burned by your cloak of flames.
The adder is heavily wounded.
The orc priest calls down the wrath of Beogh upon you.
Beogh smites you!
You die...

.o. # ∆ # ###### . .
#..... #.. #..$..#
+#....
.....##...O......
#.............#
##@##........# .
##SsJ.5/...e..##.. #
#####.e#...###......
#...O.###..# ##...#
#.#..e?.#..###.)..#
###o.oe.....<...####
##.......†........
###.............#
###...######...


You could see Grinder, Duvessa (fast), 2 ogres, Dowan, a scorpion, a jelly, an
orc priest and an adder.

Vanquished Creatures
  Sigmund (D:2)
  Edmund (D:4)
  Blork the orc (D:4)
  4 hounds
  2 iguanas
  2 orc wizards (D:4)
  Robin (D:2)
  10 adders
  2 worms (D:2)
  2 dart slugs
  9 orcs
  7 ball pythons
  5 endoplasms
  7 giant cockroaches
  4 hobgoblins
  5 quokkas
  9 bats
  6 frilled lizards
  17 goblins
  9 kobolds
  14 rats
118 creatures vanquished.

Vanquished Creatures (collateral kills)
  A ball python (D:4)
1 creature vanquished.

Vanquished Creatures (others)
  59 foxfires
  9 plants (D:5)
68 creatures vanquished.

Grand Total: 187 creatures vanquished

Notes
Turn   | Place    | Note
-------+----------+-------------------------------------------
     0 | D:1      | Rocko1345 the Gnoll Cinder Acolyte began the quest for the
                  | Orb.
     0 | D:1      | Reached XP level 1. HP: 23/23 MP: 4/4
    25 | D:1      | Found Arirph's Antique Weapon Shoppe.
   130 | D:1      | Reached XP level 2. HP: 17/29 MP: 5/5
   670 | D:1      | Reached XP level 3. HP: 35/35 MP: 7/7
   778 | D:1      | Learned a level 2 spell: Scorch
  1115 | D:2      | Noticed Robin
  1121 | D:2      | Reached skill level 1 in Invocations
  1123 | D:2      | Reached skill level 1 in Short Blades
  1123 | D:2      | Reached skill level 1 in Axes
  1123 | D:2      | Reached skill level 1 in Maces & Flails
  1123 | D:2      | Reached skill level 1 in Polearms
  1123 | D:2      | Reached skill level 1 in Staves
  1123 | D:2      | Reached skill level 1 in Ranged Weapons
  1123 | D:2      | Reached skill level 1 in Throwing
  1123 | D:2      | Reached skill level 1 in Armour
  1123 | D:2      | Reached skill level 1 in Dodging
  1123 | D:2      | Reached skill level 1 in Stealth
  1123 | D:2      | Reached skill level 1 in Shields
  1123 | D:2      | Reached skill level 1 in Unarmed Combat
  1123 | D:2      | Reached skill level 1 in Evocations
  1129 | D:2      | Killed Robin
  1130 | D:2      | Reached XP level 4. HP: 17/41 MP: 8/8
  1488 | D:2      | Reached skill level 1 in Conjurations
  1488 | D:2      | Reached skill level 1 in Hexes
  1488 | D:2      | Reached skill level 1 in Summonings
  1488 | D:2      | Reached skill level 1 in Necromancy
  1488 | D:2      | Reached skill level 1 in Translocations
  1488 | D:2      | Reached skill level 1 in Transmutations
  1488 | D:2      | Reached skill level 1 in Ice Magic
  1488 | D:2      | Reached skill level 1 in Air Magic
  1488 | D:2      | Reached skill level 1 in Earth Magic
  1488 | D:2      | Reached skill level 1 in Poison Magic
  1597 | D:2      | Learned a level 2 spell: Poisonous Vapours
  1799 | D:2      | Noticed Sigmund
  1808 | D:2      | Killed Sigmund
  1809 | D:2      | Reached XP level 5. HP: 40/47 MP: 4/10
  1809 | D:2      | Reached XP level 6. HP: 45/53 MP: 4/11
  2050 | D:3      | Learned a level 3 spell: Tukima's Dance
  2614 | D:3      | Got the Verses on Amorphous Points
  3371 | D:4      | Noticed Edmund
  3371 | D:4      | Noticed Blork the orc
  3483 | D:4      | Killed Blork the orc
  3484 | D:4      | Reached XP level 7. HP: 29/60 MP: 12/12
  3758 | D:4      | Killed Edmund
  3899 | D:4      | Learned a level 3 spell: Call Canine Familiar
  4088 | D:4      | Found a white marble altar of Elyvilon.
  4299 | D:5      | Entered Level 5 of the Dungeon
  4471 | D:1      | Bought an ancient glaive for 241 gold pieces
  4471 | D:1      | Identified the +4 glaive of Excruciating Pain {heavy, rF+
                  | rCorr Str+2} (You bought it in a shop on level 1 of the
                  | Dungeon)
  4573 | D:5      | Noticed Duvessa
  4577 | D:5      | Noticed Dowan
  4588 | D:5      | Noticed Grinder
  4591 | D:5      | Paralysed by Grinder for 3 turns
  4591 | D:5      | HP: 1/60 [iguana (7)]
  4592 | D:5      | Killed from afar by an orc priest

Illustrated notes

Levels and vault maps discovered:
D:1:      lightli_arrival_statuegarden, layout_basic, serial_shops, shop
D:2:      layout_rooms, uniq_sigmund, uniq_robin
D:3:      layout_basic, grunt_ministairs_15, minmay_starry_boxes
D:4:      layout_rooms, elyvilon_altar_3, uniq_edmund, uniq_blork_the_orc
D:5:      layout_rooms, kennysheep_mini, minmay_temple_entry_tees,
          serial_bayou_lake_a, uniq_duvessa, uniq_grinder

Skill      XL: |  1  2  3  4  5  6  7 |
---------------+----------------------+-----
Invocations    | 1 2 3 |  3.2
Short Blades   | 1 2 |  2.9
Axes           | 1 2 |  2.9
Maces & Flails | 1 2 |  2.9
Polearms       | 1 2 |  2.9
Staves         | 1 2 |  2.9
Ranged Weapons | 1 2 |  2.9
Throwing       | 1 2 |  2.9
Armour         | 1 2 |  2.9
Dodging        | 1 2 |  2.9
Stealth        | 1 2 |  2.9
Shields        | 1 2 |  2.9
Unarmed Combat | 1 2 |  2.9
Evocations     | 1 2 |  2.9
Spellcasting   | 3 4 |  4.1
Conjurations   | 1 2 |  2.3
Hexes          | 1 2 |  2.3
Summonings     | 1 2 |  2.3
Necromancy     | 1 2 |  2.3
Translocations | 1 2 |  2.3
Transmutations | 1 2 |  2.3
Ice Magic      | 1 2 |  2.3
Air Magic      | 1 2 |  2.3
Earth Magic    | 1 2 |  2.3
Poison Magic   | 1 2 |  2.3
Fighting       | 7 |  7.2
Long Blades    | 7 |  7.2
Fire Magic     | 6 |  6.0

Action                     |  1- 3 |  4- 6 |  7- 9 || total
---------------------------+-------+-------+-------++-------
  Melee: Falchion          |    67 |    88 |       ||   155
         Bite              |     2 |    10 |     6 ||    18
         Punch             |     1 |     1 |     1 ||     3
         Trident           |       |    94 |       ||    94
         Scimitar          |       |       |    49 ||    49
         Glaive            |       |       |     8 ||     8
   Cast: Scorch            |     3 |    13 |     4 ||    20
         Poisonous Vapours |       |     4 |       ||     4
         Call Canine Famil |       |       |     1 ||     1
 Invoke: Foxfire Swarm     |     1 |     1 |     2 ||     4
         Fiery Armour      |     1 |     1 |     1 ||     3
    Use: Scroll            |     4 |     2 |       ||     6
   Stab: Sleeping          |       |     1 |     2 ||     3
         Distracted        |       |     1 |       ||     1
 Armour: Robe              |    19 |    35 |       ||    54
         Leather armour    |       |    28 |    36 ||    64
  Dodge: Dodged            |    35 |    91 |    49 ||   175
  Block: Other             |    13 |    42 |    21 ||    76
         Reflection        |     1 |     2 |       ||     3

Table legend: (Time is in decaauts)
 A = Elapsed time spent in this place.
 B = Non-inter-level travel time spent in this place.
 C = Inter-level travel time spent in this place.
 D = Time resting spent in this place.
 E = Time spent auto-exploring this place.
 F = Levels seen in this place.
 G = Mean time per level.
                   A        B        C        D        E       F      G
               +--------+--------+--------+--------+--------+-----+--------+
         Total |   4618 |   4414 |    204 |    842 |   1829 |   5 |  923.6 |
       Dungeon |   4618 |   4414 |    204 |    842 |   1829 |   5 |  923.6 |
               +--------+--------+--------+--------+--------+-----+--------+

Top non-repeatable levels by time:
     D:3: 1681 daAuts
     D:1: 1142 daAuts
     D:2: 942 daAuts
     D:4: 726 daAuts
     D:5: 126 daAuts
